Map: Odyssey LE

Players

Nerchio - Winner!

  • Race: Zerg Zerg
  • Spawn Location: 5:00

Denver

  • Race: Zerg Zerg
  • Spawn Location: 11:00

Event: WCS Valencia 2017

VOD

Have the link to the VOD?

Description

Time

  • Played on: July 13, 2017, 12:58 p.m.
  • Length: 7:10

All games in this series

Show
View Real Time Build Order
Export as new Build Order

Nerchio Zerg - Winner!

Build Orders: Hatch First, Zergling Baneling 

Get SALT Encoding   

  12  0:00  Drone  
  13  0:12  Overlord  
  13  0:17  Drone  
  14  0:30  Drone x2  
  14  0:34  Drone  
  17  0:52  Hatchery  
  17  0:55  Drone  
  17  0:58  Drone  
  18  1:09  Extractor  
  17  1:13  Spawning Pool  
  17  1:17  Drone  
  17  1:20  Drone  
  18  1:28  Drone  
  19  1:38  Overlord  
  19  2:00  Queen, Zergling x2  
  19  2:01  Zergling x2  
  23  2:03  Queen  
  23  2:06  Zergling x2  
  26  2:08  Metabolic Boost  
  26  2:12  Drone  
  27  2:16  Drone  
  27  2:22  Drone  
  29  2:27  Drone  
  30  2:33  Drone  
  31  2:42  Hatchery  
  30  2:45  Zergling x2  
  30  2:46  Zergling x2  
  32  2:51  Overlord  
  32  2:54  Zergling x2  
  33  2:58  Zergling x2  
  33  3:05  Zergling x2  
  35  3:09  Zergling x2  
  35  3:11  Zergling x6  
  39  3:13  Zergling x2  
  39  3:16  Zergling x4  
  42  3:25  Baneling Nest, Drone  
  42  3:26  Drone  
  42  3:32  Drone  
  43  3:37  Overlord  
  43  3:41  Overlord  
  43  3:44  Overlord  
  43  3:56  Zergling x2  
  43  3:57  Zergling x2  
  43  3:58  Queen  
  43  4:00  Drone x2  
  49  4:12  Baneling x2  
  49  4:13  Baneling x6  
  49  4:19  Drone x4  
  53  4:25  Extractor  
  53  4:26  Baneling  
  51  4:31  Zergling x4  
  51  4:32  Zergling x4  
  51  4:33  Baneling  
  51  4:36  Zergling x4  
  57  4:39  Zergling x2  
  57  4:43  Zergling x6  
  61  4:47  Zergling x2  
  61  4:48  Zergling x2  
  61  4:49  Baneling  
  61  4:51  Zergling x2  
  53  4:53  Zergling x2  
  53  4:59  Zergling x4  
  50  5:02  Zergling x2  
  50  5:05  Zergling x2  
  48  5:08  Baneling  
  48  5:09  Baneling x2  
  48  5:11  Drone  
  48  5:13  Drone  
  50  5:15  Drone  
  50  5:19  Drone  
  50  5:21  Drone  
  52  5:27  Spine Crawler  
  51  5:28  Baneling  
  51  5:29  Baneling  
  51  5:32  Zergling x2  
  51  5:34  Zergling x2  
  51  5:35  Zergling x2  
  48  5:39  Zergling x2  
  48  5:40  Zergling x2  
  49  5:47  Drone x3  
  49  5:49  Drone  
  48  5:51  Drone  
  48  5:54  Baneling x2  
  50  5:57  Zergling x4  
  50  6:00  Zergling x2  
  52  6:06  Zergling x6  
  55  6:14  Zergling x8  
  55  6:15  Zergling x2  
  61  6:18  Zergling x2  
  61  6:19  Zergling x2  
  61  6:20  Baneling  
  61  6:23  Zergling x4  
  61  6:25  Zergling x2  
  65  6:28  Zergling x2  
  65  6:30  Zergling x2  
  65  6:32  Zergling x2  
  64  6:35  Zergling x2  
  64  6:37  Zergling x2  
  64  6:38  Zergling x2  
  62  6:40  Baneling  
  62  6:41  Baneling x2  
  62  6:45  Drone  
  62  6:46  Drone  
  58  6:50  Drone x2  
  60  6:54  Baneling x2  
  60  6:55  Baneling  
Show
View Real Time Build Order
Export as new Build Order

Denver Zerg 

Build Orders: Hatch First, Zergling Baneling 

Get SALT Encoding   

  12  0:00  Drone  
  13  0:12  Overlord  
  13  0:17  Drone  
  14  0:31  Drone x2  
  14  0:35  Drone  
  17  0:51  Hatchery  
  17  0:55  Drone  
  17  0:59  Extractor  
  17  1:01  Drone  
  17  1:15  Spawning Pool  
  17  1:18  Drone  
  17  1:21  Drone  
  18  1:29  Drone  
  19  1:39  Overlord  
  19  1:50  Drone  
  20  2:01  Queen, Metabolic Boost  
  20  2:03  Queen  
  20  2:07  Zergling x2  
  25  2:10  Zergling x2  
  25  2:15  Drone  
  27  2:16  Drone  
  28  2:25  Drone x2  
  30  2:39  Hatchery  
  30  2:42  Drone  
  30  2:43  Drone  
  31  2:48  Zergling x4  
  33  2:53  Overlord  
  33  3:00  Drone  
  34  3:06  Baneling Nest, Zergling x2  
  34  3:13  Overlord  
  34  3:14  Zergling x4  
  37  3:23  Zergling x2  
  37  3:24  Zergling x8  
  40  3:30  Queen  
  42  3:36  Zergling x4  
  43  3:42  Drone  
  44  3:51  Baneling x2  
  44  3:52  Baneling  
  43  3:55  Zergling x2  
  43  3:56  Zergling x8  
  43  4:01  Zergling x2  
  49  4:12  Zergling x6  
  49  4:13  Overlord  
  49  4:14  Baneling  
  49  4:15  Baneling x2  
  52  4:18  Baneling x2  
  52  4:19  Hatchery  
  50  4:32  Baneling  
  49  4:40  Zergling x16  
  50  4:56  Zergling x2  
  50  4:57  Zergling x4  
  49  5:03  Queen  
  45  5:09  Zergling x2  
  45  5:12  Baneling  
  45  5:13  Baneling x4  
  43  5:23  Baneling  
  43  5:27  Zergling x2  
  43  5:28  Zergling x4  
  45  5:34  Zergling x2  
  41  5:43  Zergling x6  
  37  5:51  Zergling x4  
  37  5:53  Baneling  
  39  5:57  Zergling x2  
  40  6:13  Zergling x4  
  40  6:14  Zergling x4  
  40  6:15  Baneling x2  
  40  6:16  Baneling  
  42  6:22  Zergling x4  
  44  6:32  Zergling x4  
  35  6:33  Zergling x2  
  35  6:44  Zergling x6  
Tags
 
Add a new tag
Caveats
  • Supply blocks, unpowered buildings, or Contaminate may cause inaccurate times.
  • Supply counts are checked every 10 seconds.